General information
- name: BNet
- type: Ladder team game (AT/RT)
- host: Battle.net
- saver: LesGetTurnt
map: DragonFalls
- players: 8
- length: 75:54
- speed: Fast
- version: 1.26 W3XP
- replay type: Public
» download(489 KB)
Players
team 1 (loser)
bnets-pimp (
green | 35 APM | 1654 actions | 47:04)
8 Mountain King
3 Storm Bolt
3 Bash
1 Avatar
1 Thunder Clap
» actions
| Assign group hotkey | 35 | |
| Basic commands | 2 | |
| Build / train | 144 | |
| Enter build submenu | 52 | |
| Enter hero's abilities submenu | 9 | |
| Give item / drop item | 1 | |
| Remove unit from queue | 13 | |
| Right click | 679 | |
| Select / deselect | 423 | |
| Select group hotkey | 179 | |
| Use ability | 117 | |
1654 total
» units
| Peasant | 19 | |
| Footman | 3 | |
| Rifleman | 17 | |
| Dragonhawk Rider | 10 | |
| Priest | 4 | |
| Flying Machine | 17 | |
| Siege Engine | 9 | |
| Gryphon Rider | 1 | |
80 total
» upgrades
| Masonry | 3 | |
| Gunpowder | 2 | |
| Armor | 3 | |
| Long Rifles | 1 | |
| Lumber Harvesting | 2 | |
| Flak Cannons | 1 | |
| Swords | 2 | |
| Cloud | 1 | |
| Barrage | 1 | |
| Flying Machine Bombs | 1 | |
| Plating | 1 | |
| Storm Hammers | 1 | |
19 total
» buildings
| Farm | 18 | |
| Altar of Kings | 1 | |
| Barracks | 1 | |
| Blacksmith | 1 | |
| Arcane Vault | 1 | |
| Lumber Mill | 1 | |
| Scout Tower | 14 | |
| Town Hall | 3 | |
| Guard Tower | 12 | |
| Keep | 1 | |
| Castle | 1 | |
| Gryphon Aviary | 2 | |
| Workshop | 2 | |
| Arcane Sanctum | 1 | |
59 total
» build order
00:36 Farm
00:54 Altar of Kings
00:59 Barracks
01:20 Farm
02:05 Blacksmith
02:12 Farm
03:11 Farm
03:29 Arcane Vault
04:13 Farm
04:17 Farm
04:25 Lumber Mill
04:56 Scout Tower
05:28 Town Hall
05:45 Farm
05:48 Scout Tower
05:50 Guard Tower
06:22 Guard Tower
06:26 Scout Tower
06:29 Farm
08:00 Guard Tower
08:01 Farm
08:03 Scout Tower
09:21 Keep
09:42 Guard Tower
09:47 Scout Tower
09:50 Farm
10:28 Scout Tower
10:29 Guard Tower
10:31 Farm
11:05 Farm
11:06 Guard Tower
11:48 Castle
11:51 Gryphon Aviary
12:09 Farm
12:47 Gryphon Aviary
13:28 Workshop
14:23 Town Hall
17:11 Arcane Sanctum
17:33 Workshop
21:59 Scout Tower
22:50 Scout Tower
22:52 Guard Tower
23:26 Scout Tower
23:29 Guard Tower
25:24 Guard Tower
25:26 Scout Tower
25:30 Scout Tower
26:13 Guard Tower
26:36 Scout Tower
26:38 Scout Tower
28:30 Guard Tower
28:32 Scout Tower
29:31 Guard Tower
31:27 Farm
31:28 Farm
33:33 Farm
33:34 Farm
35:33 Farm
39:36 Town Hall
» items
| Scroll of Regeneration | 3 | |
| Scroll of Town Portal | 3 | |
| Orb of Fire | 1 | |
7 total
Pr1cksofbnet (
pink | 80 APM | 6079 actions | 75:53)
10 Archmage
3 Summon Water Elemental
3 Brilliance Aura
1 Mass Teleport
3 Blizzard
1 Dark Ranger
1 Black Arrow
1 Lich
1 Frost Nova
» actions
| Assign group hotkey | 133 | |
| Basic commands | 160 | |
| Build / train | 233 | |
| ESC pressed | 4 | |
| Enter build submenu | 47 | |
| Enter hero's abilities submenu | 13 | |
| Give item / drop item | 4 | |
| Remove unit from queue | 2 | |
| Right click | 2504 | |
| Select / deselect | 994 | |
| Select group hotkey | 1506 | |
| Use ability | 479 | |
6079 total
» units
| Peasant | 14 | |
| Footman | 6 | |
| Mortar Team | 9 | |
| Goblin Shredder | 3 | |
| Siege Engine | 16 | |
| Goblin Zeppelin | 3 | |
| Goblin Sapper | 8 | |
| Rifleman | 7 | |
66 total
» upgrades
| Masonry | 4 | |
| Defend | 1 | |
| Lumber Harvesting | 2 | |
| Swords | 1 | |
| Armor | 4 | |
| Plating | 4 | |
| Gunpowder | 3 | |
| Fragmentation Shards | 1 | |
| Barrage | 1 | |
| Long Rifles | 1 | |
| Backpack | 1 | |
| Flak Cannons | 1 | |
| Flying Machine Bombs | 1 | |
25 total
» buildings
| Altar of Kings | 1 | |
| Barracks | 2 | |
| Farm | 10 | |
| Arcane Vault | 1 | |
| Lumber Mill | 1 | |
| Town Hall | 3 | |
| Scout Tower | 17 | |
| Arcane Tower | 6 | |
| Keep | 4 | |
| Blacksmith | 1 | |
| Guard Tower | 43 | |
| Castle | 4 | |
| Workshop | 3 | |
96 total
» build order
00:52 Altar of Kings
00:55 Barracks
00:59 Farm
01:08 Farm
01:43 Arcane Vault
01:55 Farm
02:19 Lumber Mill
04:08 Town Hall
04:11 Scout Tower
04:53 Farm
04:58 Farm
05:10 Arcane Tower
05:10 Arcane Tower
05:10 Arcane Tower
05:37 Keep
05:37 Keep
05:38 Keep
05:52 Scout Tower
05:52 Scout Tower
05:55 Scout Tower
05:57 Scout Tower
05:59 Scout Tower
06:26 Blacksmith
06:28 Guard Tower
06:28 Guard Tower
06:28 Guard Tower
06:29 Guard Tower
06:31 Guard Tower
06:31 Guard Tower
06:52 Guard Tower
06:52 Guard Tower
06:52 Guard Tower
06:53 Guard Tower
06:54 Guard Tower
06:54 Guard Tower
07:11 Guard Tower
08:03 Castle
08:04 Castle
08:04 Castle
08:55 Workshop
09:04 Workshop
13:06 Farm
13:07 Farm
17:15 Barracks
17:16 Workshop
20:05 Scout Tower
20:06 Scout Tower
20:07 Scout Tower
20:07 Scout Tower
20:09 Scout Tower
20:20 Farm
20:21 Farm
20:26 Farm
21:10 Guard Tower
21:10 Guard Tower
45:20 Town Hall
52:21 Town Hall
53:56 Scout Tower
53:57 Scout Tower
54:17 Scout Tower
54:21 Scout Tower
54:34 Guard Tower
54:35 Guard Tower
54:35 Guard Tower
54:35 Guard Tower
54:45 Guard Tower
54:45 Guard Tower
55:03 Guard Tower
55:03 Guard Tower
55:03 Guard Tower
55:04 Guard Tower
55:27 Guard Tower
55:27 Guard Tower
55:29 Scout Tower
55:32 Scout Tower
56:01 Guard Tower
56:02 Guard Tower
56:02 Guard Tower
56:02 Guard Tower
60:12 Guard Tower
» items
| Scroll of Regeneration | 7 | |
| Mechanical Critter | 11 | |
| Scroll of Town Portal | 5 | |
| Potion of Healing | 5 | |
| Lesser Clarity Potion | 2 | |
| Periapt of Vitality | 1 | |
| Potion of Lesser Invulnerability | 2 | |
| Scroll of Protection | 2 | |
| Staff of Sanctuary | 1 | |
36 total

»
MiniZ (
purple | 47 APM | 2209 actions | 47:19)
5 Death Knight
2 Death Coil
1 Death Pact
2 Unholy Aura
4 Dark Ranger
1 Black Arrow
2 Silence
1 Life Drain
4 Lich
2 Frost Nova
1 Frost Armor
1 Dark Ritual
» actions
| Basic commands | 5 | |
| Build / train | 126 | |
| Enter build submenu | 39 | |
| Enter hero's abilities submenu | 13 | |
| Give item / drop item | 2 | |
| Remove unit from queue | 9 | |
| Right click | 1346 | |
| Select / deselect | 558 | |
| Use ability | 111 | |
2209 total
» units
| Acolyte | 22 | |
| Ghoul | 10 | |
| Obsidian Statue | 6 | |
| Gargoyle | 8 | |
| Frost Wyrm | 5 | |
| Crypt Fiend | 6 | |
57 total
» upgrades
| Creature Attack | 2 | |
| Creature Carapace | 2 | |
| Freezing Breath | 1 | |
| Web | 1 | |
6 total
» buildings
| Ziggurat | 22 | |
| Crypt | 1 | |
| Altar of Darkness | 1 | |
| Nerubian Tower | 4 | |
| Tomb of Relics | 2 | |
| Halls of the Dead | 1 | |
| Graveyard | 1 | |
| Spirit Tower | 13 | |
| Slaughterhouse | 1 | |
| Black Citadel | 1 | |
| Sacrificial Pit | 1 | |
| Boneyard | 2 | |
50 total
» build order
00:10 Ziggurat
00:15 Crypt
00:36 Altar of Darkness
01:01 Ziggurat
01:31 Nerubian Tower
01:41 Tomb of Relics
02:37 Ziggurat
05:04 Halls of the Dead
05:34 Graveyard
05:41 Ziggurat
07:01 Ziggurat
07:04 Ziggurat
07:08 Ziggurat
07:15 Ziggurat
07:28 Ziggurat
07:35 Ziggurat
07:40 Spirit Tower
08:09 Spirit Tower
08:12 Spirit Tower
08:16 Nerubian Tower
08:31 Spirit Tower
09:25 Slaughterhouse
09:42 Black Citadel
09:48 Ziggurat
10:25 Sacrificial Pit
10:47 Nerubian Tower
10:51 Spirit Tower
12:40 Boneyard
12:43 Boneyard
13:26 Tomb of Relics
19:50 Ziggurat
19:51 Ziggurat
19:53 Ziggurat
19:56 Ziggurat
20:22 Ziggurat
20:23 Ziggurat
20:43 Spirit Tower
20:54 Spirit Tower
20:55 Spirit Tower
20:56 Nerubian Tower
22:19 Spirit Tower
22:20 Spirit Tower
25:15 Ziggurat
25:17 Ziggurat
25:19 Ziggurat
26:14 Spirit Tower
26:15 Spirit Tower
31:10 Spirit Tower
35:34 Ziggurat
35:37 Ziggurat
» items
| Rod of Necromancy | 1 | |
| Scroll of Regeneration | 3 | |
| Lesser Clarity Potion | 1 | |
| Potion of Healing | 9 | |
| Boots of Speed | 2 | |
| Circlet of Nobility | 2 | |
| Potion of Lesser Invulnerability | 1 | |
| Orb of Corruption | 3 | |
| Orb of Fire | 1 | |
| Scroll of Town Portal | 3 | |
26 total
team 2 (winner)
FailedToJoin (
orange | 130 APM | 8937 actions | 69:00)
6 Archmage
3 Summon Water Elemental
2 Brilliance Aura
1 Mass Teleport
6 Mountain King
3 Storm Bolt
2 Bash
1 Thunder Clap
5 Paladin
2 Holy Light
3 Divine Shield
» actions
| Assign group hotkey | 106 | |
| Basic commands | 563 | |
| Build / train | 137 | |
| ESC pressed | 22 | |
| Enter build submenu | 68 | |
| Enter hero's abilities submenu | 19 | |
| Give item / drop item | 4 | |
| Remove unit from queue | 1 | |
| Right click | 2299 | |
| Select / deselect | 2181 | |
| Select group hotkey | 3064 | |
| Use ability | 465 | |
8937 total
» units
| Peasant | 14 | |
| Footman | 13 | |
| Goblin Shredder | 5 | |
| Priest | 6 | |
| Gryphon Rider | 6 | |
| Sorceress | 5 | |
| Dragonhawk Rider | 3 | |
| Mortar Team | 6 | |
| Spell Breaker | 2 | |
60 total
» upgrades
| Swords | 3 | |
| Lumber Harvesting | 1 | |
| Storm Hammers | 1 | |
| Priest Training | 2 | |
| Sorceress Training | 2 | |
| Masonry | 3 | |
| Armor | 3 | |
| Magic Sentry | 1 | |
| Fragmentation Shards | 1 | |
| Flare | 1 | |
| Gunpowder | 3 | |
| Barrage | 1 | |
22 total
» buildings
| Altar of Kings | 1 | |
| Farm | 14 | |
| Barracks | 1 | |
| Town Hall | 2 | |
| Keep | 1 | |
| Lumber Mill | 1 | |
| Arcane Vault | 1 | |
| Blacksmith | 1 | |
| Castle | 1 | |
| Arcane Sanctum | 3 | |
| Gryphon Aviary | 2 | |
| Scout Tower | 28 | |
| Guard Tower | 17 | |
| Workshop | 3 | |
76 total
» build order
00:06 Altar of Kings
00:19 Farm
00:20 Barracks
00:50 Farm
01:34 Farm
02:51 Farm
03:46 Town Hall
04:58 Keep
05:07 Lumber Mill
05:10 Arcane Vault
05:52 Blacksmith
05:53 Farm
07:45 Castle
07:48 Arcane Sanctum
07:50 Gryphon Aviary
08:00 Arcane Sanctum
09:25 Arcane Sanctum
09:35 Gryphon Aviary
10:15 Farm
12:53 Farm
12:54 Farm
12:55 Farm
12:56 Farm
12:59 Farm
13:33 Scout Tower
13:35 Scout Tower
13:37 Scout Tower
13:39 Scout Tower
14:05 Guard Tower
14:06 Scout Tower
14:10 Scout Tower
14:12 Guard Tower
14:13 Guard Tower
14:15 Scout Tower
14:16 Guard Tower
14:17 Scout Tower
14:25 Scout Tower
14:37 Guard Tower
14:41 Scout Tower
14:48 Guard Tower
14:57 Guard Tower
15:15 Guard Tower
17:08 Farm
19:11 Workshop
19:13 Workshop
19:14 Workshop
19:38 Farm
31:16 Farm
32:01 Scout Tower
45:05 Scout Tower
45:08 Scout Tower
45:10 Scout Tower
45:12 Scout Tower
45:18 Town Hall
45:21 Scout Tower
45:22 Scout Tower
45:28 Scout Tower
45:38 Guard Tower
45:41 Guard Tower
45:42 Scout Tower
45:44 Scout Tower
45:45 Scout Tower
45:53 Guard Tower
46:03 Scout Tower
46:03 Scout Tower
46:16 Guard Tower
46:18 Guard Tower
46:47 Guard Tower
46:49 Scout Tower
46:50 Scout Tower
47:18 Guard Tower
47:33 Scout Tower
47:35 Scout Tower
47:57 Guard Tower
48:25 Guard Tower
» items
| Staff of Sanctuary | 2 | |
| Boots of Speed | 1 | |
| Staff of Teleportation | 1 | |
| Scroll of Town Portal | 5 | |
| Scroll of Speed | 1 | |
10 total

»
youknownothing (
teal | 95 APM | 7222 actions | 75:53)
4 Priestess of the Moon
2 Searing Arrows
2 Trueshot Aura
4 Dark Ranger
2 Black Arrow
2 Life Drain
1 Mountain King
1 Thunder Clap
» actions
| Assign group hotkey | 64 | |
| Basic commands | 410 | |
| Build / train | 163 | |
| Enter build submenu | 38 | |
| Enter hero's abilities submenu | 9 | |
| Give item / drop item | 1 | |
| Remove unit from queue | 14 | |
| Right click | 3157 | |
| Select / deselect | 835 | |
| Select group hotkey | 2253 | |
| Use ability | 278 | |
7222 total
» units
| Wisp | 29 | |
| Huntress | 7 | |
| Chimaera | 4 | |
| Dryad | 3 | |
| Druid of the Claw | 2 | |
| Gryphon Rider | 39 | |
| Mortar Team | 5 | |
| Knight | 6 | |
| Goblin Zeppelin | 1 | |
| Siege Engine | 2 | |
| Peasant | 10 | |
| Dragonhawk Rider | 19 | |
127 total
» upgrades
| Strength of the Wild | 2 | |
| Reinforced Hides | 1 | |
| Druid of the Claw Training | 2 | |
| Plating | 2 | |
7 total
» buildings
| Altar of Elders | 1 | |
| Moon Well | 7 | |
| Ancient of War | 1 | |
| Hunter's Hall | 1 | |
| Ancient of Wonders | 1 | |
| Tree of Ages | 1 | |
| Tree of Eternity | 1 | |
| Ancient of Wind | 1 | |
| Tree of Life | 2 | |
| Ancient Protector | 8 | |
| Chimaera Roost | 2 | |
| Ancient of Lore | 2 | |
| Town Hall | 2 | |
| Farm | 2 | |
32 total
» build order
00:55 Altar of Elders
00:58 Moon Well
01:19 Ancient of War
01:57 Hunter's Hall
02:49 Moon Well
02:59 Ancient of Wonders
04:22 Moon Well
04:46 Tree of Ages
04:51 Moon Well
06:02 Moon Well
07:52 Tree of Eternity
07:54 Ancient of Wind
08:07 Moon Well
10:23 Tree of Life
10:26 Ancient Protector
10:29 Ancient Protector
10:35 Ancient Protector
11:08 Chimaera Roost
12:37 Chimaera Roost
13:23 Ancient Protector
13:26 Ancient Protector
16:56 Ancient of Lore
17:03 Ancient of Lore
19:59 Ancient Protector
20:02 Ancient Protector
20:06 Ancient Protector
25:43 Tree of Life
25:51 Moon Well
57:42 Town Hall
57:45 Town Hall
57:49 Farm
57:52 Farm
» items
| Potion of Lesser Invulnerability | 1 | |
| Potion of Healing | 1 | |
2 total
LesGetTurnt (
blue | 57 APM | 4306 actions | 75:54)
9 Blademaster
3 Wind Walk
3 Critical Strike
1 Bladestorm
2 Mirror Image
» actions
| Assign group hotkey | 90 | |
| Basic commands | 276 | |
| Build / train | 109 | |
| Enter build submenu | 81 | |
| Enter hero's abilities submenu | 9 | |
| Give item / drop item | 21 | |
| Remove unit from queue | 2 | |
| Right click | 1670 | |
| Select / deselect | 871 | |
| Select group hotkey | 748 | |
| Use ability | 429 | |
4306 total
» units
| Peon | 9 | |
| Grunt | 4 | |
| Goblin Shredder | 4 | |
| Goblin Zeppelin | 2 | |
| Green Dragon | 7 | |
| Troll Batrider | 8 | |
| Goblin Sapper | 4 | |
| Green Drake | 1 | |
| Green Dragon Whelp | 1 | |
40 total
» upgrades
| Ranged Weapons | 3 | |
| Armor | 3 | |
| Reinforced Defenses | 1 | |
| Troll Regeneration | 1 | |
| Pillage | 1 | |
| Ensnare | 1 | |
| Liquid Fire | 1 | |
11 total
» buildings
| Orc Burrow | 8 | |
| Altar of Storms | 1 | |
| Barracks | 1 | |
| War Mill | 1 | |
| Voodoo Lounge | 3 | |
| Watch Tower | 63 | |
| Stronghold | 1 | |
| Fortress | 1 | |
| Beastiary | 4 | |
| Great Hall | 8 | |
91 total
» build order
00:11 Orc Burrow
00:52 Altar of Storms
00:53 Barracks
01:09 Orc Burrow
02:26 War Mill
02:43 Voodoo Lounge
03:40 Watch Tower
03:41 Watch Tower
03:43 Watch Tower
04:17 Orc Burrow
05:36 Stronghold
08:13 Fortress
09:21 Watch Tower
09:21 Watch Tower
09:21 Watch Tower
09:22 Watch Tower
09:22 Watch Tower
09:23 Watch Tower
12:38 Beastiary
12:39 Beastiary
12:40 Beastiary
12:41 Beastiary
12:54 Great Hall
13:27 Watch Tower
13:27 Watch Tower
13:28 Watch Tower
13:30 Watch Tower
13:31 Watch Tower
13:31 Watch Tower
13:33 Watch Tower
13:34 Watch Tower
13:35 Watch Tower
15:23 Great Hall
15:25 Watch Tower
15:26 Watch Tower
15:28 Watch Tower
15:31 Watch Tower
17:13 Voodoo Lounge
18:52 Watch Tower
18:54 Watch Tower
18:56 Watch Tower
23:25 Great Hall
23:48 Great Hall
23:53 Watch Tower
23:53 Watch Tower
23:56 Watch Tower
23:57 Watch Tower
24:02 Watch Tower
24:02 Watch Tower
24:03 Watch Tower
24:04 Watch Tower
24:06 Watch Tower
24:06 Watch Tower
24:08 Watch Tower
24:08 Watch Tower
24:10 Watch Tower
24:10 Watch Tower
24:11 Watch Tower
24:11 Watch Tower
27:08 Great Hall
27:13 Great Hall
27:21 Great Hall
27:27 Great Hall
27:35 Watch Tower
27:36 Watch Tower
27:36 Watch Tower
27:36 Watch Tower
27:50 Watch Tower
27:50 Watch Tower
29:29 Voodoo Lounge
30:23 Watch Tower
30:28 Watch Tower
30:29 Watch Tower
30:30 Watch Tower
30:37 Watch Tower
42:53 Watch Tower
42:53 Watch Tower
42:54 Watch Tower
42:54 Watch Tower
42:54 Watch Tower
42:55 Watch Tower
46:17 Watch Tower
46:18 Watch Tower
46:18 Watch Tower
60:31 Orc Burrow
60:32 Orc Burrow
60:39 Orc Burrow
60:40 Orc Burrow
60:58 Orc Burrow
» items
| Healing Salve | 13 | |
| Mechanical Critter | 2 | |
| Lesser Clarity Potion | 4 | |
| Scroll of Town Portal | 10 | |
| Orb of Lightning | 2 | |
| Potion of Healing | 9 | |
| Potion of Mana | 1 | |
| Periapt of Vitality | 1 | |
| Boots of Speed | 1 | |
| Staff of Teleportation | 1 | |
44 total
DODGEROFMEN (
red | 54 APM | 2144 actions | 39:58)
8 Mountain King
3 Storm Bolt
3 Bash
1 Avatar
1 Thunder Clap
» actions
| Assign group hotkey | 47 | |
| Basic commands | 1 | |
| Build / train | 82 | |
| Enter build submenu | 24 | |
| Enter hero's abilities submenu | 8 | |
| Give item / drop item | 3 | |
| Right click | 870 | |
| Select / deselect | 268 | |
| Select group hotkey | 743 | |
| Use ability | 98 | |
2144 total
» units
| Peasant | 11 | |
| Goblin Shredder | 2 | |
| Gryphon Rider | 8 | |
| Goblin Sapper | 8 | |
| Mortar Team | 2 | |
31 total
» upgrades
| Masonry | 3 | |
| Swords | 2 | |
| Armor | 2 | |
| Animal War Training | 1 | |
| Cloud | 1 | |
| Storm Hammers | 1 | |
| Gunpowder | 1 | |
| Flare | 1 | |
| Fragmentation Shards | 1 | |
13 total
» buildings
| Altar of Kings | 1 | |
| Farm | 14 | |
| Scout Tower | 14 | |
| Arcane Tower | 1 | |
| Lumber Mill | 1 | |
| Guard Tower | 7 | |
| Keep | 1 | |
| Blacksmith | 1 | |
| Castle | 2 | |
| Gryphon Aviary | 3 | |
| Arcane Vault | 1 | |
| Town Hall | 1 | |
| Barracks | 1 | |
| Workshop | 1 | |
49 total
» build order
00:16 Altar of Kings
00:24 Farm
00:38 Scout Tower
01:19 Arcane Tower
01:21 Farm
01:32 Lumber Mill
01:45 Scout Tower
02:06 Scout Tower
02:37 Guard Tower
03:05 Keep
03:09 Scout Tower
03:14 Scout Tower
03:31 Blacksmith
03:59 Guard Tower
04:03 Guard Tower
04:03 Guard Tower
04:33 Farm
05:05 Scout Tower
05:06 Scout Tower
05:07 Scout Tower
05:08 Scout Tower
05:46 Castle
05:48 Guard Tower
05:52 Gryphon Aviary
05:58 Gryphon Aviary
06:10 Guard Tower
06:19 Farm
06:20 Farm
06:21 Farm
06:22 Farm
06:23 Farm
06:24 Farm
06:25 Farm
10:06 Arcane Vault
10:19 Town Hall
10:22 Scout Tower
10:22 Scout Tower
10:23 Scout Tower
10:24 Scout Tower
13:22 Barracks
13:54 Gryphon Aviary
15:23 Farm
15:23 Farm
15:24 Farm
15:24 Farm
17:18 Guard Tower
30:41 Workshop
» items
| Staff of Teleportation | 1 | |
| Boots of Speed | 1 | |
| Scroll of Town Portal | 6 | |
| Staff of Sanctuary | 1 | |
| Scroll of Regeneration | 6 | |
| Scroll of Healing | 1 | |
16 total
Chat log
(00:07 / Allies) youknownothing: \rush
(00:09 / All) DODGEROFMEN: you know nothing john snow
(00:12 / Allies) LesGetTurnt: nope
(00:26 / Allies) youknownothing: no rushing?
(00:28 / Allies) LesGetTurnt: i not rush
(00:32 / Allies) DODGEROFMEN: cc
(00:32 / Allies) youknownothing: ok
(00:35 / Allies) youknownothing: get some unit tho
(00:43 / Allies) LesGetTurnt: i like to take my time and paint a masterpiece
(02:22 / Allies) youknownothing: units?
(02:30 / Allies) DODGEROFMEN: griff
(05:30 / Allies) youknownothing: lol
(05:35 / Allies) DODGEROFMEN: just cc
(09:05 / Allies) FailedToJoin: are u kidding me
(09:21 / Allies) DODGEROFMEN: gold plz gonna expo will pay back
(10:31 / All) Pr1cksofbnet: Purple killed both of my critters and fucked my build because he "didn't know they were mine" as if someone else would have
(10:35 / All) Pr1cksofbnet: critters near my base at this stage of the game
(10:36 / All) Pr1cksofbnet: fucking prick
(11:11 / All) LesGetTurnt: I like the allies that kill your critters that are just LEAVING your base
(11:25 / Allies) youknownothing: red
(11:56 / Allies) DODGEROFMEN: go teal
(12:08 / Allies) youknownothing: ty
(12:48 / Allies) DODGEROFMEN: hit?
(12:56 / Allies) LesGetTurnt: I just realized
(12:58 / Allies) LesGetTurnt: I never made expo
(13:55 / Allies) LesGetTurnt: gold?
(14:41 / Allies) DODGEROFMEN: oj how the fuck or why, were u watching ur shredder
(14:50 / Allies) youknownothing: they got tanks and mortar
(15:16 / Allies) youknownothing: they got kmany aa
(15:48 / Allies) youknownothing: tp
(16:02 / Allies) youknownothing: wtf
(16:02 / Allies) youknownothing: \blue
(16:25 / All) Pr1cksofbnet: jesus christ
(16:30 / Allies) youknownothing: = =
(16:34 / All) Pr1cksofbnet: whenever I fucking go to do something someone else has spoiled it this match
(16:40 / All) Pr1cksofbnet: someone bought the tp staff too
(17:23 / Allies) youknownothing: blue
(17:27 / Allies) youknownothing: 0 units?
(19:36 / Allies) youknownothing: u guys are not helping each other
(20:49 / Allies) youknownothing: share control
(20:50 / Allies) youknownothing: red
(20:51 / Allies) youknownothing: you are slow
(22:23 / Allies) youknownothing: can u guys tower up for me?
(23:27 / Allies) LesGetTurnt: move teal
(23:27 / Allies) DODGEROFMEN: protect this shit niggas
(23:40 / Allies) LesGetTurnt: omg
(23:40 / Allies) LesGetTurnt: move
(25:06 / All) Pr1cksofbnet: AMOVEAMOVEAMOVEAMOVEAMOVE
(26:01 / Allies) youknownothing: gold please
(26:24 / Allies) youknownothing: gold please
(27:22 / Allies) LesGetTurnt: dssdfafdsafsd
(28:12 / Allies) LesGetTurnt: come to my expo
(28:15 / Allies) LesGetTurnt: till I get towers
(28:21 / Allies) youknownothing: nope
(28:26 / Allies) DODGEROFMEN: oj needs to come and iwill
(28:32 / Allies) LesGetTurnt: You're an idiot teal
(28:40 / Allies) youknownothing: one more word?
(29:38 / Allies) LesGetTurnt: thanks teal
(29:47 / Allies) youknownothing: i am an idiot
(29:53 / Allies) LesGetTurnt: You don't need to tell me
(29:58 / Allies) LesGetTurnt: We all already know
(29:59 / Allies) youknownothing: according to u
(30:04 / Allies) LesGetTurnt: Yeah just killed my BM
(31:45 / All) Pr1cksofbnet: amazing what amove can do with workshop units
(32:21 / All) DODGEROFMEN: teal killed ojs peasant lawl
(32:23 / All) DODGEROFMEN: no idea y
(32:30 / Allies) youknownothing: that is my gold mine
(34:34 / All) youknownothing: SAD
(34:50 / All) Pr1cksofbnet: sorry misclick
(34:52 / Allies) LesGetTurnt: out
(35:02 / All) Pr1cksofbnet: fight me teal
(35:06 / All) bnets-pimp: bitches
(35:15 / All) Pr1cksofbnet: lol
(35:18 / All) youknownothing: come
(35:20 / All) DODGEROFMEN: i aint no bitch
(35:30 / All) youknownothing: LOL
(35:51 / All) youknownothing: pussy
(35:59 / All) Pr1cksofbnet: why the fuck do tanks keep getting left behind
(36:03 / All) Pr1cksofbnet: mass tp sucks for big units
(36:34 / Allies) youknownothing: stun archmage
(36:35 / Allies) youknownothing: if he tp
(36:37 / Allies) youknownothing: too early
(38:01 / All) DODGEROFMEN: dead hall
(38:23 / All) DODGEROFMEN: wonder if yellow has been watching this lawl
(38:30 / All) ROFLMYTEAMSUCKS: i have lol
(38:42 / All) ROFLMYTEAMSUCKS: very entertaining
(38:45 / All) youknownothing: red has 6.5 k gold
(38:46 / All) youknownothing: lol
(38:49 / All) bnets-pimp: ye this games a joke lol
(38:50 / All) DODGEROFMEN: 3v4 and we are gettin raped
(38:54 / All) youknownothing: without spending it at all
(39:20 / Allies) youknownothing: blue
(39:23 / Allies) youknownothing: give me 2k
(39:23 / Allies) LesGetTurnt: With what?
(39:30 / Allies) youknownothing: 2k or no ?
(39:55 / All) youknownothing: D
(39:56 / All) youknownothing: D
(39:56 / All) youknownothing: D
(39:56 / All) youknownothing: D
(39:57 / All) youknownothing: D
(39:57 / All) youknownothing: D
(39:57 / All) youknownothing: D
(39:58 / All) youknownothing: D
(39:58 / All) LesGetTurnt: now he wants to play with reds stuff
(40:22 / Allies) LesGetTurnt: Damnit teal
(40:26 / Allies) youknownothing: ?
(40:28 / Allies) youknownothing: stop
(40:29 / Allies) LesGetTurnt: I need red
(40:31 / Allies) youknownothing: he is mine
(40:33 / Allies) LesGetTurnt: Go top mid
(40:35 / Allies) LesGetTurnt: with me
(40:46 / Allies) youknownothing: let me control
(40:53 / Allies) LesGetTurnt: help me kill purples army
(41:49 / All) ROFLMYTEAMSUCKS: sux
(43:11 / All) bnets-pimp: bitch
(44:14 / All) MiniZ: i wonder how times blue die without tp
(44:29 / All) LesGetTurnt: tps part of game
(44:46 / All) MiniZ: tp part of the noobs skill
(44:49 / All) Pr1cksofbnet: LOL
(44:50 / All) LesGetTurnt: lol!
(45:06 / All) LesGetTurnt: 0-1 solo, 100 games south of 50% RT
(45:10 / All) LesGetTurnt: the great master
(45:26 / All) Pr1cksofbnet: Green has toggle formation on
(45:34 / All) bnets-pimp: always
(45:46 / All) Pr1cksofbnet: if you turn it off your units go faster lol
(46:54 / All) MiniZ: lol again?
(47:34 / All) youknownothing: Lol pink
(47:36 / All) youknownothing: now waht
(47:39 / All) youknownothing: u are beaten
(47:40 / All) Pr1cksofbnet: Now you lose
(47:43 / All) youknownothing: by a skilful player
(47:44 / All) Pr1cksofbnet: baby back bitch
(48:54 / Allies) youknownothing: stop controlling
(56:52 / All) Pr1cksofbnet: Purple had black arrow not autocast
(56:56 / All) Pr1cksofbnet: but had frost armour as autocast
(56:59 / All) Pr1cksofbnet: he is a great player
(59:07 / All) LesGetTurnt: Teal is completely inept
(59:16 / All) youknownothing: so is ur penis
(59:28 / All) Pr1cksofbnet: to answer your question teal
(59:29 / All) LesGetTurnt: that's not what your mom said
(59:30 / All) Pr1cksofbnet: this is "now what"
(59:36 / All) youknownothing: now u win
(59:47 / All) Pr1cksofbnet: Yes, so get out
(60:13 / All) LesGetTurnt: Don't take this personal, but you ain't shit
(60:14 / All) youknownothing: why
(60:17 / All) LesGetTurnt: so don't threaten to TK, pussy
(60:21 / All) youknownothing: why do i hv to get out
(60:23 / All) youknownothing: lol
(60:30 / All) Pr1cksofbnet: because you lost
(60:42 / All) Pr1cksofbnet: you can get out now, or when it says "defeat!" your choice
(60:44 / All) Pr1cksofbnet: You lose
(60:54 / All) youknownothing: i prefer defeat
(60:56 / All) youknownothing: they are not the same
(61:13 / All) Pr1cksofbnet: Enjoy watching your stuff die
(61:19 / All) FailedToJoin: what stuff?
(61:20 / All) youknownothing: well i dont hv any stuff
(61:22 / All) youknownothing: lol
(61:33 / All) youknownothing: rather like watch my arsehole teammates die
(61:41 / All) youknownothing: and you're more than welcome
(61:49 / All) youknownothing: look at orange
(61:50 / All) youknownothing: lol
(61:53 / All) youknownothing: the helpless look
(61:56 / All) youknownothing: retarded control
(61:57 / All) youknownothing: Lol
(62:20 / All) youknownothing: and the number of fucks that blue gave
(62:43 / All) youknownothing: GG planadin
(63:03 / All) youknownothing: oj
(63:04 / All) youknownothing: LOL
(63:09 / All) youknownothing: AHAHHAHAHAHAHAHAA
(63:10 / All) Pr1cksofbnet: I've just been amoving all game
(63:10 / All) youknownothing: noob
(63:16 / All) youknownothing: just stopped suddenly
(63:18 / All) youknownothing: LOL
(63:23 / All) FailedToJoin: ?
(63:25 / All) LesGetTurnt: you blind newbie
(63:25 / All) youknownothing: I CANT STOP LAUGHING
(63:26 / All) youknownothing: LOL
(63:28 / All) FailedToJoin: did you not see?
(63:36 / All) FailedToJoin: he staffed to me
(63:37 / All) youknownothing: I see u getting rekt?
(63:42 / All) LesGetTurnt: Count them, 6 that's SIX, dragons
(63:43 / All) youknownothing: and u are proud
(63:47 / All) Pr1cksofbnet: Orange is a helpless noob not sure how he's 53-42
(63:56 / All) FailedToJoin: 1v1?
(64:00 / All) youknownothing: cus he met noob opponents like blue
(64:18 / All) youknownothing: now 6 retarded dragons
(64:32 / All) Pr1cksofbnet: I 4v4 you and win orange
(64:35 / All) Pr1cksofbnet: You lose
(64:37 / All) Pr1cksofbnet: you're a loser
(64:43 / All) youknownothing: u hvnt finished blue
(64:46 / All) Pr1cksofbnet: No re, you eat my shit
(65:07 / All) youknownothing: blue is killing himself LOL
(65:13 / All) Pr1cksofbnet: yeah to give you two fags the loss
(65:14 / All) FailedToJoin: Not hard when whole team is bsing
(65:18 / All) youknownothing: AHHAHAHA
(65:21 / All) youknownothing: blue is retarded
(65:27 / All) youknownothing: Coward prefer to die
(65:31 / All) Pr1cksofbnet: I think teal and orange have two digit IQs
(65:34 / All) LesGetTurnt: Speak for yourself
(65:37 / All) LesGetTurnt: teal
(65:39 / All) youknownothing: u think ??
(65:42 / All) youknownothing: speak for myself?
(65:48 / All) Pr1cksofbnet: I think, unlike you
(65:49 / All) youknownothing: i lost my units against 4 players
(65:53 / All) youknownothing: while u kill urself
(65:57 / All) FailedToJoin: wat? Teal sure, he's actually getting worked up about it
(65:58 / All) youknownothing: who is more honourable
(66:00 / All) youknownothing: let me know
(66:10 / All) youknownothing: i killed 3 opponents
(66:11 / All) Pr1cksofbnet: you lost your units against 4 players because this is 4v4
(66:13 / All) youknownothing: literally
(66:18 / All) LesGetTurnt: LOL
(66:18 / All) LesGetTurnt: okay
(66:21 / All) youknownothing: cus my teammates didnt help
(66:23 / All) Pr1cksofbnet: you're just a chimbot who can figure out how to make dryads too
(66:44 / All) youknownothing: you are just a virgin who cannot figure out how masturbation works
(67:00 / All) Pr1cksofbnet: nice did you come up with that one yourself?
(67:02 / All) Pr1cksofbnet: epic :^)
(67:04 / All) youknownothing: no
(67:05 / All) youknownothing: from u
(67:12 / All) youknownothing: from ur mother
(67:17 / All) youknownothing: it is her information
(67:23 / All) youknownothing: he got copyright
(67:24 / All) youknownothing: yes
(67:25 / All) youknownothing: he
(67:29 / All) youknownothing: she is a shemale
(67:56 / All) youknownothing: i figure i will just spend 5 mintues to 1 v 1 defeat blue
(67:59 / All) LesGetTurnt: Not sure who the bigger retard is
(68:01 / All) LesGetTurnt: purple or teal
(68:07 / All) youknownothing: how about u
(68:07 / All) LesGetTurnt: LOL
(68:12 / All) youknownothing: or your mum
(68:13 / All) LesGetTurnt: You know nothing teal
(68:14 / All) FailedToJoin: Purple?
(68:25 / All) LesGetTurnt: said tp scroll was noob tactic
(68:34 / All) FailedToJoin: o
(68:43 / All) youknownothing: lol
(68:56 / All) youknownothing: blue u are only eligible to lick the arsehole of my dog
(68:59 / All) youknownothing: besides that
(69:03 / All) youknownothing: you are worth nothing
(69:03 / All) LesGetTurnt: Ok
(69:05 / All) LesGetTurnt: fun job
(69:08 / All) youknownothing: see
(69:14 / All) youknownothing: oj has had enough of ur crap
(69:16 / All) youknownothing: now kill ur bm
(69:17 / All) youknownothing: go
(69:19 / All) youknownothing: go
(69:21 / All) youknownothing: i dare u
(69:22 / All) LesGetTurnt: Well he's smart enough to realize
(69:23 / All) Pr1cksofbnet: 19-18 now teal
(69:25 / All) LesGetTurnt: he's not gonna win
(69:34 / All) youknownothing: i do not care
(69:38 / All) youknownothing: but i am no leaver
(69:43 / All) LesGetTurnt: Once that 7th dragon pops out from the tits of the great mother dragon
(69:45 / All) LesGetTurnt: That's it
(69:45 / All) youknownothing: i never leave a game in warcraft
(69:48 / All) LesGetTurnt: YOU'RE DEAD!
(69:58 / All) LesGetTurnt: Too bad we couldn't put you in a standoff
(70:02 / All) youknownothing: why am i dead
(70:28 / All) youknownothing: lol
(70:53 / All) youknownothing: blue you are just pathetic
(71:10 / All) youknownothing: just because ur mum was a slut and got raped by a dozen of guys
(71:11 / All) LesGetTurnt: That's your opinion
(71:16 / All) youknownothing: doesnt mean you have to give up ur life
(71:22 / All) LesGetTurnt: You're entitled to it even though it is an idiot one
(71:25 / All) LesGetTurnt: not even worth 2 cents
(71:39 / All) youknownothing: you are entitled to it
(71:39 / All) youknownothing: too
(71:50 / All) youknownothing: but u have no idea what i do for my living
(71:55 / All) LesGetTurnt: Yeah my two cents are pretty pennies but yours ain't worth a red cent
(72:06 / All) LesGetTurnt: Taco bell janitor, probably
(72:07 / All) youknownothing: stupid asian
(72:31 / All) youknownothing: this is an AMERICAN server
(72:35 / All) LesGetTurnt: Those dragons rape the shit out of fortified orc armor
(72:36 / All) youknownothing: what are u chinese pig doing herte
(72:37 / All) youknownothing: here
(72:44 / All) youknownothing: 1 v 1?
(72:48 / All) LesGetTurnt: What makes you think I'm asian
(72:54 / All) LesGetTurnt: 1 v 1?
(72:59 / All) youknownothing: cus you are pathetic
(73:02 / All) youknownothing: loser
(73:06 / All) youknownothing: yes
(73:10 / All) youknownothing: 1 v 1 u fucking cunt
(73:23 / All) LesGetTurnt: You would lose handily
(73:27 / All) LesGetTurnt: It's not worth the bother
(73:30 / All) youknownothing: cus you are Asian?
(73:33 / All) youknownothing: lol
(73:40 / All) youknownothing: look at ur dick
(73:41 / All) youknownothing: bro
(73:44 / All) youknownothing: it is cute
(73:45 / All) youknownothing: lol
(73:50 / All) LesGetTurnt: I'm not gay
(73:55 / All) LesGetTurnt: I like women
(74:01 / All) LesGetTurnt: Try your luck elsewhere homo
(74:05 / All) youknownothing: oh
(74:11 / All) youknownothing: only gay people look at their dicks
(74:13 / All) youknownothing: fair logic
(74:15 / All) youknownothing: lol
(74:16 / All) LesGetTurnt: I'll drag you on the back of my pickup truck, fruit
(74:18 / All) LesGetTurnt: Gay boy
(74:26 / All) youknownothing: so u hv never seen ur dick?
(74:35 / All) youknownothing: poor bastard
(74:37 / All) LesGetTurnt: Why do you want to know? You'll never see it
(74:39 / All) LesGetTurnt: You faggot
(74:48 / All) LesGetTurnt: Go lick come off the walls, weirdo
(74:49 / All) youknownothing: neither do u
(74:58 / All) youknownothing: admit it
(74:59 / All) LesGetTurnt: I see it all the time when your mom is on her knees blowing it
(75:03 / All) youknownothing: no one can see ur dick
(75:09 / All) youknownothing: lolllll
(75:10 / All) LesGetTurnt: Your mother says it's nice
(75:15 / All) LesGetTurnt: Best cock she's ever had
(75:22 / All) youknownothing: hahahahaha
(75:29 / All) LesGetTurnt: I'm going to be your new step daddy
(75:32 / All) youknownothing: enough of jokes about mum
(75:37 / All) LesGetTurnt: You better start minding me, son
(75:46 / All) LesGetTurnt: You're grounded
(75:47 / All) youknownothing: just because your mum has AIDS doesnt mean u hv to make fun of other people's mum